 Dungeon Crawl Stone Soup version 0.24.0-1-gfbc8707 (webtiles) character file.

Game seed: 2120597430799945719, levelgen mode: deterministic

16321 TheGoonsmith the Severer (level 12, -2/92 HPs)
             Began as a Formicid Fighter on Oct 27, 2019.
             Was a High Priest of Nemelex Xobeh.
             Slain by a komodo dragon (17 damage)
             ... on level 12 of the Dungeon on Oct 28, 2019.
             The game lasted 00:39:28 (10729 turns).

TheGoonsmith the Severer (Formicid Fighter)        Turns: 10729, Time: 00:39:28

Health: -2/92      AC: 22    Str: 26    XL:     12   Next: 68%
Magic:  17/17      EV:  8    Int:  9    God:    Nemelex Xobeh [*****.]
Gold:   593        SH: 12    Dex: 13    Spells: 3/11 levels left

rFire    + . .     SeeInvis +   a - -1 executioner's axe
rCold    . . .     Gourm    +   c - +0 shield
rNeg     . . .     Faith    .   x - +2 chain mail {rF+}
rPois    .         Spirit   .   (helmet unavailable)
rElec    .         Reflect  .   k - +2 cloak
rCorr    .         Harm     .   j - +2 pair of gloves
MR       ++...                  J - +2 pair of boots of the Assassin {Detection Stab+ Stlth++}
Stlth    ..........             i - amulet of the gourmand
HPRegen  0.65/turn              C - +2 ring of strength
MPRegen  0.15/turn              F - +2 ring of dexterity

@: no status effects
A: permanent stasis, dig shafts and tunnels, four strong arms, antennae 3,
hooves 1, magic resistance 1, regeneration 1, subdued magic 1
a: Dig, Shaft Self, Draw Escape, Draw Destruction, Draw Summoning, Triple Draw,
Deal Four, Stack Five, Renounce Religion


You were on level 12 of the Dungeon.
You worshipped Nemelex Xobeh.
Nemelex Xobeh was extremely pleased with you.
You were not hungry.

You visited 2 branches of the dungeon, and saw 13 of its levels.
You also visited: Bailey.

You collected 857 gold pieces.
You spent 264 gold pieces at shops.

Inventory:

Hand Weapons
 a - a -1 executioner's axe (weapon)
 d - the +2 war axe "Gyisa" {vamp, *Corrode rPois rF+ Int+3}
   (You acquired it on level 6 of the Dungeon)

   It inflicts no extra harm, but heals its wielder when it wounds a living foe.
   It affects your intelligence (+3).
   It protects you from fire.
   It protects you from poison.
   It may corrode you when you take damage.
 s - a +0 battleaxe
 D - a +1 war axe
 H - a +4 battleaxe of electrocution
 I - a +0 great mace
Missiles
 p - 72 bolts
 q - 93 sling bullets
Armour
 b - a +0 scale mail
 c - a +0 shield (worn)
 j - a +2 pair of gloves (worn)
 k - a +2 cloak (worn)
 x - a +2 chain mail of fire resistance (worn)
 J - the +2 pair of boots of the Assassin (worn) {Detection Stab+ Stlth++}
   (You acquired it on level 8 of the Dungeon)

   It makes you much more stealthy.
 Q - a +1 chain mail of cold resistance
Jewellery
 i - an amulet of the gourmand (around neck)
 C - a +2 ring of strength (left hand)
 F - a +2 ring of dexterity (right hand)
 G - an uncursed ring of wizardry {unknown}
 L - a +4 ring of protection {unknown}
 T - an uncursed ring of wizardry {unknown}
Wands
 m - a wand of disintegration (16)
 w - a wand of random effects (40)
 y - a wand of flame (37)
 z - a wand of clouds (6)
Scrolls
 e - 6 scrolls of remove curse
 r - 6 scrolls of identify
 v - 2 scrolls of fear
 E - 2 scrolls of amnesia
 M - a scroll of enchant weapon
 N - a scroll of fog
 R - 2 scrolls of enchant armour
 S - a scroll of random uselessness {unknown}
 W - a scroll of magic mapping
Potions
 g - a potion of ambrosia
 h - 2 potions of cancellation
 l - a potion of brilliance
 n - a potion of resistance
 o - a potion of magic
 t - a potion of agility {unknown}
 u - 2 potions of might
 A - 6 potions of heal wounds {unknown}
 B - 3 potions of degeneration {unknown}
 K - a potion of experience {unknown}
 O - a potion of lignification {unknown}
 V - a potion of flight {unknown}
Miscellaneous
 P - a box of beasts
Comestibles
 f - 31 rations


   Skills:
 - Level 8.1 Fighting
 + Level 15.1 Axes
 - Level 6.0 Armour
 - Level 9.1 Shields
 - Level 7.0 Invocations


You had 3 spell levels left.
You knew the following spells:

 Your Spells              Type           Power        Failure   Level  Hunger
a - Song of Slaying       Chrm           #.......     97%         2    ###....
b - Spectral Weapon       Hex/Chrm       #.......     99%         3    ####...
c - Regeneration          Chrm/Necr      #.........   99%         3    ####...

Your spell library contained the following spells:

 Spells                   Type           Power        Failure   Level  Hunger
 Infusion                 Chrm           #...         90%         1    ##.....
 Shroud of Golubria       Chrm/Tloc      #.....       97%         2    ###....


Dungeon Overview and Level Annotations

Branches:
Dungeon (12/15)            Temple (1/1) D:6            Lair (0/6) D:8
    Orc (0/2) D:9          Bailey (visited)

Altars:
Ashenzari
Cheibriados
Dithmenos
Elyvilon
Fedhas
Gozag
Hepliaklqana
Kikubaaqudgha
Makhleb
Nemelex Xobeh
Okawaru
Qazlal
Ru
Sif Muna
Trog
Uskayaw
Vehumet
Wu Jian
Xom
Yredelemnul
Zin
The Shining One

Shops:
D:6 }   D:9 :   D:10 *   D:11 (   D:12 :


Innate Abilities, Weirdness & Mutations

You cannot be hasted, slowed, berserked, paralysed or teleported.
You can dig through walls and to a lower floor.
Your four strong arms can wield two-handed weapons with a shield.
You have a pair of large antennae on your head. (SInv)
You have large cloven feet.
You are resistant to hostile enchantments. (MR+)
Your natural rate of healing is unusually fast.
Your spells are a little easier to cast, but a little less powerful.


Message History

The komodo dragon bites you but does no damage.
You are too injured to fight recklessly!
Your chain mail prevents you from hitting the komodo dragon.
The komodo dragon is heavily wounded.
The komodo dragon bites you!!
* * * LOW HITPOINT WARNING * * *
You closely miss the komodo dragon.
The komodo dragon is heavily wounded.
The komodo dragon barely misses you.
You feel better. The komodo dragon closely misses you.
Evoke which item? (* to show all) (? for menu, Esc to quit)
Okay, then.
You draw a card...
You have drawn the Tomb.
Walls emerge from the floor!
You block the komodo dragon's attack.
You draw a card...
You have drawn the Cloud.
Clouds appear around you! The komodo dragon closely misses you.
You draw a card...
You have drawn the Cloud.
Nothing appears to happen.
The komodo dragon bites you!
You die...
Your body glows with a rainbow of weird colours and disappears.

..... .... ...
..# .# ..# ..#
##.# #.. #ยงยง#
#. ###l## ##
#### ###@## ##.
#..## ##.###
... ###.##
#..## ... ##.##
#..# ... #..##
#..# ... ##..##
##.# ### ##..##
##.# ###.###..#
##..#..########
#


You could see a komodo dragon.

Vanquished Creatures
  A centaur warrior (D:10)
  A catoblepas (D:12)
  Urug (D:10)
  2 unseen horrors
  The ghost of enarc13 the Covert, a novice OpTm of Wu Jian (D:7)
  2 ugly things
  A manticore (D:11)
  Psyche (D:10)
  A guardian serpent (Bailey)
  A troll (D:12)
  Grinder (D:3)
  A hornet (D:12)
  4 slime creatures (D:12)
  A hippogriff (D:9)
  2 shadows (D:11)
  A yak (D:7)
  A human (D:7)
  A wraith (D:9)
  3 hogs (D:7)
  Edmund (D:6)
  5 hungry ghosts
  2 wargs (D:8)
  2 ice beasts
  A black bear (D:7)
  2 necrophages
  4 orc warriors
  A sky beast (D:7)
  3 phantoms
  7 ogres
  5 centaurs
  3 crocodiles
  4 big kobolds
  6 bullfrogs
  A gnoll sergeant (D:9)
  9 scorpions
  24 killer bees
  A water moccasin skeleton (D:7)
  7 wights
  2 bullfrog zombies
  3 crimson imps
  4 centaur zombies
  3 quasits (D:7)
  3 hounds
  3 jellies
  4 bullfrog skeletons
  8 orc priests
  12 orc wizards
  2 centaur skeletons
  Natasha (thrice) (D:3)
  7 iguanas
  5 worker ants
  A killer bee zombie (D:6)
  A hound skeleton (D:9)
  Robin (D:3)
  A howler monkey skeleton (D:3)
  4 gnolls
  17 adders
  A river rat (D:6)
  An ooze (D:6)
  2 adder skeletons
  3 worms
  2 dart slugs
  6 leopard geckos
  35 orcs
  14 bats
  6 giant cockroaches
  12 goblins
  14 hobgoblins
  16 jackals
  16 kobolds
  5 quokkas
  A ball python (D:1)
  5 frilled lizards
  A leopard gecko skeleton (D:8)
  A quokka skeleton (D:4)
  3 rats
  A fungus (D:6)
344 creatures vanquished.

Vanquished Creatures (others)
  A ball lightning (Bailey)
1 creature vanquished.

Grand Total: 345 creatures vanquished

Notes
Turn   | Place    | Note
-------+----------+-------------------------------------------
     0 | D:1      | TheGoonsmith the Formicid Fighter began the quest for the
                  | Orb.
     0 | D:1      | Reached XP level 1. HP: 18/18 MP: 1/1
    67 | D:1      | Reached XP level 2. HP: 22/24 MP: 2/2
   343 | D:1      | Reached XP level 3. HP: 25/29 MP: 3/3
   859 | D:2      | Reached XP level 4. HP: 24/37 MP: 4/4
  1045 | D:2      | Found a snail-covered altar of Cheibriados.
  1236 | D:2      | Found a sparkling altar of Nemelex Xobeh.
  1258 | D:2      | Became a worshipper of Nemelex Xobeh the Trickster
  1275 | D:2      | Reached skill level 3 in Axes
  1386 | D:2      | Gained mutation: Your spells are a little easier to cast,
                  | but a little less powerful. [potion of mutation]
  1386 | D:2      | Gained mutation: You have large cloven feet. [potion of
                  | mutation]
  1386 | D:2      | Gained mutation: You are resistant to hostile enchantments.
                  | (MR+) [potion of mutation]
  1386 | D:2      | Gained mutation: Your natural rate of healing is unusually
                  | fast. [potion of mutation]
  1390 | D:2      | Reached XP level 5. HP: 24/42 MP: 5/5
  1612 | D:2      | Received a gift from Nemelex Xobeh
  1812 | D:3      | Noticed Natasha
  1816 | D:3      | Killed Natasha
  1875 | D:3      | Noticed Natasha
  1887 | D:3      | Killed Natasha
  1887 | D:3      | Reached skill level 4 in Axes
  1887 | D:3      | Reached XP level 6. HP: 34/48 MP: 6/6
  1998 | D:3      | Found an ornate altar of the Wu Jian Council.
  2160 | D:3      | Noticed Robin
  2199 | D:3      | Killed Robin
  2199 | D:3      | Reached skill level 5 in Shields
  2248 | D:3      | Found an ancient bone altar of Kikubaaqudgha.
  2289 | D:3      | Noticed Natasha
  2295 | D:3      | Killed Natasha
  2295 | D:3      | Reached skill level 5 in Axes
  2511 | D:3      | Noticed Grinder
  2527 | D:3      | Killed Grinder
  2527 | D:3      | Reached skill level 6 in Axes
  2527 | D:3      | Reached XP level 7. HP: 37/54 MP: 7/7
  2563 | D:3      | Reached * piety under Nemelex Xobeh
  2713 | D:4      | Reached skill level 1 in Invocations
  2841 | D:4      | Reached skill level 7 in Axes
  2841 | D:4      | Reached XP level 8. HP: 60/60 MP: 9/9
  3617 | D:4      | Found a stormy altar of Qazlal.
  3649 | D:4      | Reached ** piety under Nemelex Xobeh
  3898 | D:5      | Entered Level 5 of the Dungeon
  4038 | D:5      | Found a shimmering blue altar of Sif Muna.
  4097 | D:5      | Found an iron altar of Okawaru.
  4229 | D:5      | Reached skill level 8 in Axes
  4516 | D:5      | Received a gift from Nemelex Xobeh
  4584 | D:6      | Identified a scroll of acquirement
  4585 | D:6      | Got a jewelled war axe
  4586 | D:6      | Identified the +2 war axe "Gyisa" {vamp, *Corrode rPois rF+
                  | Int+3} (You acquired it on level 6 of the Dungeon)
  4600 | D:6      | Reached XP level 9. HP: 58/65 MP: 11/11
  4836 | D:6      | Reached skill level 9 in Axes
  5047 | D:6      | Noticed Edmund
  5071 | D:6      | Killed Edmund
  5152 | D:6      | Found a staircase to the Ecumenical Temple.
  5174 | Temple   | Entered the Ecumenical Temple
  5226 | D:6      | Found a burning altar of Makhleb.
  5229 | D:6      | Reached *** piety under Nemelex Xobeh
  5249 | D:6      | Found Keifoq's Gadget Boutique.
  5540 | D:7      | Reached skill level 10 in Axes
  5593 | D:7      | Found a flagged portal.
  5601 | Bailey   | Entered a bailey
  5609 | Bailey   | Received a gift from Nemelex Xobeh
  5700 | Bailey   | Noticed an orc knight
  5701 | Bailey   | Found an iron altar of Okawaru.
  5709 | Bailey   | Noticed a guardian serpent
  5709 | Bailey   | an orc knight changed into a guardian serpent
  5713 | Bailey   | Killed a guardian serpent
  5713 | Bailey   | Reached XP level 10. HP: 27/71 MP: 12/12
  5918 | D:7      | Reached skill level 11 in Axes
  6205 | D:7      | Found a transporter.
  6210 | D:7      | Found a transporter.
  6294 | D:7      | Noticed enarc13's ghost (novice OpTm)
  6388 | D:7      | Received a gift from Nemelex Xobeh
  6433 | D:7      | Killed enarc13's ghost
  6433 | D:7      | Reached skill level 12 in Axes
  6627 | D:7      | Found a sparkling altar of Nemelex Xobeh.
  6774 | D:7      | Reached skill level 5 in Fighting
  6774 | D:7      | Reached skill level 5 in Armour
  7011 | D:8      | Reached XP level 11. HP: 79/79 MP: 13/13
  7031 | D:8      | Found a staircase to the Lair.
  7197 | D:8      | Found a basalt altar of Yredelemnul.
  7201 | D:8      | Noticed an unseen horror
  7210 | D:8      | Killed an unseen horror
  7364 | D:8      | Reached skill level 13 in Axes
  7384 | D:8      | Found an iron altar of Okawaru.
  7481 | D:8      | Found the +2 pair of boots of the Assassin {Detection Stab+
                  | Stlth++}
  7491 | D:8      | Reached **** piety under Nemelex Xobeh
  7503 | D:8      | Received a gift from Nemelex Xobeh
  7776 | D:9      | Found Civeiruk's Book Boutique.
  7807 | D:9      | Found a staircase to the Orcish Mines.
  7922 | D:9      | Found a glowing golden altar of the Shining One.
  7972 | D:9      | Found a hazy altar of Hepliaklqana.
  8175 | D:9      | You fall into a shaft and drop 1 floor!
  8175 | D:10     | Entered Level 10 of the Dungeon
  8175 | D:10     | Received a gift from Nemelex Xobeh
  8204 | D:10     | Noticed Psyche
  8220 | D:10     | Killed Psyche
  8242 | D:9      | Received a gift from Nemelex Xobeh
  8350 | D:9      | Found an opulent altar of Gozag.
  8855 | D:10     | Reached skill level 14 in Axes
  8901 | D:10     | Received a gift from Nemelex Xobeh
  8965 | D:10     | Found Ryibreac's General Store.
  8968 | D:10     | Bought a scroll of identify for 24 gold pieces
  8968 | D:10     | Bought a box of beasts for 240 gold pieces
  9093 | D:10     | Noticed an unseen horror
  9117 | D:10     | Killed an unseen horror
  9133 | D:10     | Noticed Urug
  9146 | D:10     | Killed Urug
  9256 | D:10     | Received a gift from Nemelex Xobeh
  9317 | D:10     | Reached XP level 12. HP: 89/89 MP: 15/15
  9323 | D:10     | Noticed a centaur warrior
  9336 | D:10     | Killed a centaur warrior
  9336 | D:10     | Reached skill level 5 in Invocations
  9532 | D:10     | Reached ***** piety under Nemelex Xobeh
  9682 | D:11     | Received a gift from Nemelex Xobeh
  9921 | D:11     | Found Can Zau's Antique Weapon Boutique.
 10081 | D:11     | Received a gift from Nemelex Xobeh
 10242 | D:12     | Noticed a catoblepas
 10252 | D:12     | Killed a catoblepas
 10452 | D:12     | Found Aprosk's Book Emporium.
 10462 | D:12     | Reached skill level 15 in Axes
 10533 | D:12     | Learned a level 2 spell: Song of Slaying
 10537 | D:12     | Learned a level 3 spell: Spectral Weapon
 10541 | D:12     | Learned a level 3 spell: Regeneration
 10729 | D:12     | Slain by a komodo dragon

Levels and vault maps discovered:
D:1:      tarquinn_simple_flora_water_e, layout_loops_ring
D:2:      layout_basic, overflow_temple_1_default, nemelex_lonely_heart_becter
D:3:      minmay_razor_zed, layout_basic, nicolae_overflow_crystal_walls,
          kiku_gazebo_pond_becter, uniq_grinder, uniq_natasha, uniq_robin
D:4:      layout_gridville, lemuel_crystal_altar, first_ration,
          minmay_starry_boxes
D:5:      layout_gridville, lemuel_doored_altar, kennysheep_mini
D:6:      old_forge, layout_basic, minmay_temple_entry_mist, serial_shops,
          kennysheep_little_box, bloody_makhleb, uniq_edmund
D:7:      layout_basic, marbit_many_paths, gammafunk_ghost_stat_death,
          enter_bailey_2, grunt_livestock, minmay_unpleasant_kobolds
D:8:      layout_gridville, erik_lair_orcish_takeover, basic_altar,
          okawaru_trees_1
D:9:      layout_irregular_city, kennysheep_mini_moat,
          nicolae_tso_carved_into_rock, orc_0_dummy, serial_shops, shop,
          nicolae_gozag_cash_rules_everything_around_me
D:10:     layout_stronghold, serial_shops, nicolae_shop_behind_doors,
          statue_in_the_mist_lemuel, uniq_psyche, uniq_urug
D:11:     layout_cave_pools, serial_shops, shop_fountains
D:12:     layout_layer_cave, serial_shops, nicolae_shop_statue_plus
Temple:   nicolae_temple_god_jail

Skill      XL: |  1  2  3  4  5  6  7  8  9 10 11 12 |
---------------+-------------------------------------+-----
Shields        | 4 5 6 9 |  9.1
Axes           | 3 4 6 7 8 10 12 14 15 | 15.1
Fighting       | 4 5 6 8 |  8.1
Armour         | 4 5 6 |  6.0
Invocations    | 1 3 4 7 |  7.0

Action                   |  1- 3 |  4- 6 |  7- 9 | 10-12 || total
-------------------------+-------+-------+-------+-------++-------
Melee: War axe           |    58 |   155 |   327 |   196 ||   736
       Kick              |       |    32 |    92 |    51 ||   175
       Executioner's axe |       |       |    22 |   420 ||   442
       Battleaxe         |       |       |       |    97 ||    97
 Abil: Draw Destruction  |       |     1 |     6 |       ||     7
       Draw Escape       |       |       |       |     4 ||     4
Evoke: Wand              |       |       |     4 |     1 ||     5
  Use: Potion            |       |     4 |       |     4 ||     8
       Scroll            |       |     3 |    12 |     7 ||    22
  Eat: Chunk             |       |     8 |    14 |    17 ||    39
       Ration            |       |       |       |     4 ||     4
Armor: Scale mail        |    26 |    62 |    66 |       ||   154
       Chain mail        |       |       |    85 |   560 ||   645
Dodge: Dodged            |    17 |    52 |   112 |   289 ||   470
Block: Shield            |    30 |    77 |   208 |   602 ||   917
